 Dungeon Crawl Stone Soup version 0.22-a0-247-gbddf880 (webtiles) character file.

10 Firecrotchwizard the Cudgeler (level 2, 0/22 HPs)
             Began as a Demonspawn Gladiator on Feb 23, 2018.
             Succumbed to a gnoll's poison
             ... on level 1 of the Dungeon.
             The game lasted 00:00:16 (24 turns).

Firecrotchwizard the Cudgeler (Demonspawn Gladiator)  Turns: 24, Time: 00:00:17

Health: 0/22       AC:  4    Str: 14    XL:     2   Next: 10%
Magic:  2/2        EV: 12    Int:  9    God:
Gold:   0          SH:  0    Dex: 14    Spells: 1/1 levels left

rFire    . . .     SeeInvis .   a - +0 flail
rCold    . . .     Gourm    .   (no shield)
rNeg     . . .     Faith    .   b - +0 leather armour
rPois    .         Spirit   .   c - +0 helmet
rElec    .         Reflect  .   (no cloak)
rCorr    .         Harm     .   (no gloves)
MR       .....                  (no boots)
Stlth    +.........             (no amulet)
HPRegen  0.07/turn              (no ring)
MPRegen  0.08/turn              (no ring)

@: lethally poisoned (0 -> -11)
A: powered by pain 1
a: no special abilities


You were on level 1 of the Dungeon.
You were not hungry.

You visited 1 branch of the dungeon, and saw 1 of its levels.

Inventory:

Hand Weapons
 a - a +0 flail (weapon)
Missiles
 d - 3 throwing nets {=f, !d}
Armour
 b - a +0 leather armour (worn)
 c - a +0 helmet (worn)
Comestibles
 f - a ration {@e1}


   Skills:
 + Level 2.3 Fighting
 * Level 3.1 Maces & Flails
 - Level 1.7 Throwing
 - Level 2.6 Dodging


You had one spell level left.
You didn't know any spells.

Dungeon Overview and Level Annotations

Branches:
Dungeon (1/15)

Altars:


Innate Abilities, Weirdness & Mutations

You sometimes gain a little power by taking damage.


Message History

Welcome, Firecrotchwizard the Demonspawn Gladiator.
It is said that the Orb of Zot exists deep within this dungeon.
Found a staircase leading out of the dungeon.
As you open the door, it creaks loudly!
There is an open door here.
You open the door.
There is an open door here.
A gnoll comes into view. It is wielding a spear of venom.
The gnoll shouts!
The gnoll moves out of view.
The gnoll is too close now for your liking.
The gnoll hits you with a spear of venom.
You are lethally poisoned!
You take 4 damage, and have 12/16 hp.
MASSIVE DAMAGE!!
You closely miss the gnoll.
You feel sick.
The gnoll hits you with a spear of venom.
You are more poisoned.
You take 4 damage, and have 8/16 hp.
MASSIVE DAMAGE!!
You sock the gnoll!
You feel sick. The gnoll misses you.
You take 2 damage, and have 6/16 hp.
You hit the gnoll.
* * * LOW HITPOINT WARNING * * *
You feel sick. The gnoll hits you but does no damage.
You take 2 damage, and have 4/16 hp.
You sock the gnoll!
You kill the gnoll!
Your Maces & Flails skill increases to level 3!
You have reached level 2!
Your demonic ancestry asserts itself...
You feel energised by your suffering.
* * * LOW HITPOINT WARNING * * *
You feel sick.
* * * LOW HITPOINT WARNING * * *
You feel sick.
You see here a spear of venom.
MP restored: 2 You aren't carrying any potions.
There is a lethal amount of poison in your body!
* * * LOW HITPOINT WARNING * * *
You feel sick.
* * * LOW HITPOINT WARNING * * *
You feel sick.
You take 1 damage, and have 3/22 hp.
* * * LOW HITPOINT WARNING * * *
You feel sick.
You take 1 damage, and have 2/22 hp.
* * * LOW HITPOINT WARNING * * *
You feel sick.
You take 1 damage, and have 1/22 hp.
You die...

# ...# #+##.
...## ...#.
##....#
.(.....#.#.+
#...#...?#
#+ #.......
#.##..#..##
#...#..@..#
+...##..###
#....#..#.#
##+#.)..#..#
#..###...###
+.........#
#...#..####
#####'#....#
#...#.#.#.##


There were no monsters in sight!

Vanquished Creatures
  A gnoll (D:1)
1 creature vanquished.

Notes
Turn   | Place    | Note
-------+----------+-------------------------------------------
     0 | D:1      | Firecrotchwizard the Demonspawn Gladiator began the quest for the Orb.
     0 | D:1      | Reached XP level 1. HP: 16/16 MP: 1/1
    17 | D:1      | HP: 4/16 [poisoned by a gnoll]
    18 | D:1      | Reached skill level 3 in Maces & Flails
    18 | D:1      | Gained mutation: You sometimes gain a little power by taking damage. [demonic ancestry]
    18 | D:1      | Reached XP level 2. HP: 6/22 MP: 2/2
    22 | D:1      | HP: 2/22 [poisoned by a gnoll]
    24 | D:1      | Succumbed to a gnoll's poison

Vault maps used:
D:1:      arrival_zaba_pyramid

Skill      XL: |  1 |
---------------+----+-----
Maces & Flails | 3 |  3.1
Fighting       | |  2.3
Throwing       | |  1.7
Dodging        | |  2.6

Action                   || total
-------------------------++-------
Melee: Flail             ||     4
Armor: Leather armour    ||     1
Dodge: Dodged            ||     1

Table legend:
 A = Spawn XP
 B = Non-spawn XP
 C = Spawn XP percentage of total XP
 D = Spawn monster count
 E = Non-spawn monster count
 F = Spawn count percentage of total count
 G = Total turns spent on level
                    A         B        C        D         E        F      G
               +---------+---------+-------+---------+---------+-------+---------
         Total |       0 |      15 |   0.0 |       0 |       1 |   0.0 |    24
               +---------+---------+-------+---------+---------+-------+---------
           D:1 |       0 |      15 |   0.0 |       0 |       1 |   0.0 |    24
               +---------+---------+-------+---------+---------+-------+---------

Vault maps used:
D:1:      arrival_zaba_pyramid

Table legend:
 A = Turns spent in this place as a percentage of turns spent in the entire game.
 B = Non-inter-level travel turns spent in this place as a percentage of non-inter-level travel turns spent in the entire game.
 C = Inter-level travel turns spent in this place as a percentage of turns spent in this place.
 D = Turns resting spent in this place as a percentage of non-inter-level travel turns spent in this place.
 E = Turns spent auto-exploring this place as a percentage of non-inter-level travel turns spent in this place.
 F = Non-inter-level travel turns spent in this place divided by the number of levels of this place that you've seen.
                   A       B       C       D       E      F
               +-------+-------+-------+-------+-------+----------------------
         Total | 100.0 | 100.0 |   0.0 |   0.0 |  54.2 |  24.0
       Dungeon | 100.0 | 100.0 |   0.0 |   0.0 |  54.2 |  24.0
               +-------+-------+-------+-------+-------+----------------------

Table legend:
 A = Kills in this place as a percentage of kills in entire the game.
 B = Kills by you in this place as a percentage of kills by you in the entire game.
 C = Kills by friends in this place as a percentage of kills by friends in the entire game.
 D = Other kills in this place as a percentage of other kills in the entire game.
 E = Experience gained in this place as a percentage of experience gained in the entire game.
 F = Experience gained in this place divided by the number of levels of this place that you have seen.
                   A       B       C       D       E      F
               +-------+-------+-------+-------+-------+----------------------
         Total | 100.0 | 100.0 |   N/A |   N/A | 100.0 |  15.0
       Dungeon | 100.0 | 100.0 |   N/A |   N/A | 100.0 |  15.0
               +-------+-------+-------+-------+-------+----------------------
